 Dungeon Crawl Stone Soup version 0.31-a0-233-g139696dc86 (webtiles) character file.

Game seed: 11593822444392286632

122 qw the Shooter (level 5, -6/30 HPs)
             Began as a Gargoyle Hexslinger on July 8, 2023.
             Mangled by an ogre
             ... wielding a +0 giant club
              (20 damage)
             ... on level 4 of the Dungeon.
             The game lasted 00:01:05 (2740 turns).

qw the Shooter (Gargoyle Hexslinger)                Turns: 2740, Time: 00:01:06

Health: -6/30      AC:  9    Str: 15 (17) XL:     5   Next: 6%
Magic:  6/6        EV: 11    Int: 12 (14) God:
Gold:   45         SH:  0    Dex: 13 (14) Spells: 5/6 levels left

rFire   . . .        Y - +1 shortbow
rCold   . . .        (shield currently unavailable)
rNeg    + . .        k - +0 leather armour
rPois   inf          m - +0 helmet
rElec   +            (no cloak)
rCorr   .            (no gloves)
SInv    .            o - +0 pair of boots
Will    .....        e - amulet of faith
Stlth   +            j - +6 ring of strength
HPRegen 0.25/turn    (no ring)
MPRegen 0.10/turn

%: faith
@: no status effects
A: sickness immunity, AC +4, negative energy resistance 1, electricity
resistance, torment resistance 1, petrification resistance
a: no special abilities


You were on level 4 of the Dungeon.
You visited 1 branch of the dungeon, and saw 4 of its levels.

You collected 87 gold pieces.
You spent 42 gold pieces at shops.


Innate Abilities, Weirdness & Mutations

You are immune to sickness and miasma.
Your stone body is resilient. (AC +4)
You are immune to poison.
You resist negative energy. (rN+)
You are resistant to electric shocks. (rElec)
You are resistant to unholy torment.
You are immune to petrification.


   Skills:
 - Level 2.0 Fighting
 + Level 4.8 Ranged Weapons
 - Level 1.5 Dodging
 - Level 1.0 Spellcasting
 - Level 2.6 Hexes


You had 5 spell levels left.
You knew the following spells:

 Your Spells              Type           Power      Damage    Failure   Level
a - Slow                  Hex            28%        N/A       12%         1

Your spell library contained the following spells:

 Spells                   Type           Power      Damage    Failure   Level
 Inner Flame              Hex/Fire       3%         N/A       54%         3
 Portal Projectile        Hex/Tloc       6%         N/A       54%         3
 Cause Fear               Hex            3%         N/A       77%         4

Inventory:

Hand Weapons
 Y - a +1 shortbow (weapon)
Armour
 a - a +1 leather armour of cold resistance
 k - a +0 leather armour (worn)
 m - a +0 helmet (worn)
 o - a +0 pair of boots (worn)
Jewellery
 e - an amulet of faith (around neck)
 j - a +6 ring of strength (left hand)
Potions
 b - a potion of ambrosia {unknown}
 f - a potion of cancellation {unknown}
 g - a potion of heal wounds {unknown}
 h - a potion of curing {unknown}
 l - a potion of attraction {unknown}
 n - a potion of haste {unknown}

Dungeon Overview and Level Annotations

Branches:
Dungeon (4/15)
 Temple: D:4-7

Altars:
Fedhas

Shops:
D:1 ?   D:3 [

Annotations:
D:2 1 runed translucent door, Crazy Yiuf
D:3 2 runed translucent doors, qw's ghost, amateur MiHs


Message History

You hear the slow hiss of an avalanche of sand nearby.
You hear the slow rusting of a drain very nearby.
You hear the slow hiss of an avalanche of sand nearby.
You hear the slow rusting of a drain very nearby.
HP restored.
You see here a +0 hand axe.
a - a +1 leather armour of cold resistance
Things that are here:
a +0 hand axe; an orc corpse
Found a stone staircase leading down.
You hear the slow hiss of a distant avalanche of sand.
You hear the slow rusting of a drain very nearby.
There is a stone staircase leading down here.
Found a short sword.
Found a stone staircase leading down.
Things that are here:
A Tutorial on Theurgy; a scroll of amnesia You now have 45 gold pieces (gained 4).
Found a blossoming altar of Fedhas.
You hear the slow hiss of a very distant avalanche of sand.
You hear the slow rusting of a distant drain.
You see here a +0 short sword.
Things that are here:
A Tutorial on Theurgy; a scroll of amnesia An ogre comes into view.
It is wielding a +0 giant club.
The ogre shouts!
You shoot an arrow. The arrow barely misses the ogre.
You shoot an arrow. The arrow hits the ogre.
The ogre is moderately wounded.
You shoot an arrow. The arrow barely misses the ogre.
The ogre hits you with a +0 giant club!
Ouch! That really hurt!
You shoot an arrow. The arrow hits the ogre!
The ogre is heavily wounded.
You shoot an arrow.
The arrow hits the ogre but does no damage.
The ogre is heavily wounded.
The ogre hits you with a +0 giant club!!
Ouch! That really hurt!
You die...

##### ###...^ ..... .... #
..# #.## #.# .... ##.##..#
#..@O..# . #.#..#.# .. .
#.##.... ..... .. #.# #..##
...... ...## ###.# ..# ..
#.. #...##...# #.# .# #.
#......### #.## ##.# ##
#####..## #..# #..#
#####...#####..+##+.#######


You could see an ogre.

Vanquished Creatures
  An orc priest (D:4)
  4 worms
  4 dart slugs
  3 orcs
  8 bats
  6 endoplasms
  2 giant cockroaches
  4 goblins
  7 hobgoblins
  6 jackals (D:2)
  2 quokkas
  5 ball pythons
  2 frilled lizards
  8 kobolds
  3 rats
65 creatures vanquished.

Notes
Turn   | Place    | Note
-------+----------+-------------------------------------------
     0 | D:1      | qw the Gargoyle Hexslinger began the quest for the Orb.
     0 | D:1      | Reached XP level 1. HP: 12/12 MP: 2/2
     0 | D:1      | 0 ||| qw: Version: 0.3-a-46-gb1f654a
     0 | D:1      | 0 ||| qw: Game counter: 3464
     0 | D:1      | 0 ||| qw: Melee chars always use a shield: true
     0 | D:1      | 0 ||| qw: God list: Okawaru
     0 | D:1      | 0 ||| qw: Allow faded altars: false
     0 | D:1      | 0 ||| qw: Do Orc after clearing Dungeon:15 true
     0 | D:1      | 0 ||| qw: Do second Lair branch before Depths: true
     0 | D:1      | 0 ||| qw: Lair rune preference: random
     0 | D:1      | 0 ||| qw: Goals: Normal
     0 | D:1      | 0 ||| PLANNING D:1-11
    74 | D:1      | HP: 1/12 [frozen (5)]
    77 | D:1      | Reached XP level 2. HP: 2/16 MP: 3/3
   367 | D:1      | Reached skill level 3 in Ranged Weapons
   533 | D:1      | Reached XP level 3. HP: 21/21 MP: 4/4
   859 | D:1      | Found Muppey's Magic Scroll Boutique.
   862 | D:1      | 862 ||| SHOPLISTING scroll of enchant armour (75 gold, have
                  | 15).
   862 | D:1      | 862 ||| SHOPLISTING scroll of enchant weapon (75 gold, have
                  | 15).
   862 | D:1      | 862 ||| SHOPLISTING scroll of identify (20 gold, have 15).
   862 | D:1      | 862 ||| SHOPLISTING scroll of teleportation (30 gold, have
                  | 15).
   862 | D:1      | 862 ||| UPGRADING to amulet of faith.
   867 | D:1      | 867 ||| UPGRADING to +6 ring of strength.
   868 | D:1      | 868 ||| READING scroll labelled GAFEUBLUAFA.
   869 | D:1      | 869 ||| READING scroll labelled QUVA WENEALAE.
   870 | D:1      | 870 ||| READING scroll labelled TIAC VACARAT.
   871 | D:1      | 871 ||| DROPPING scroll of poison.
   920 | D:2      | Found a faded altar of an unknown god.
  1350 | D:2      | 1350 ||| SWAPPING to +0 shortbow.
  1351 | D:2      | 1351 ||| DROPPING +1 sling.
  1410 | D:2      | Reached XP level 4. HP: 25/26 MP: 5/5
  1551 | D:2      | Found a runed translucent door.
  1552 | D:2      | Noticed Crazy Yiuf
  1687 | D:2      | 1687 ||| UPGRADING to +0 helmet.
  1692 | D:2      | 1692 ||| READING scroll labelled YRGHIAGOUSY.
  1711 | D:2      | 1711 ||| DRINKING 2 white potions.
  1712 | D:2      | 1712 ||| DROPPING potion of brilliance.
  1784 | D:3      | Reached skill level 4 in Ranged Weapons
  2040 | D:3      | Found Vatz's Antique Armour Shoppe.
  2043 | D:3      | 2043 ||| BUYING leather armour (42 gold).
  2043 | D:3      | Bought a leather armour for 42 gold pieces
  2043 | D:3      | 2043 ||| SHOPLISTING pair of boots (94 gold, have 27).
  2043 | D:3      | 2043 ||| SHOPLISTING ring mail (84 gold, have 27).
  2142 | D:3      | Found a runed translucent door.
  2144 | D:3      | Noticed qw's ghost (amateur MiHs)
  2196 | D:3      | Found a runed translucent door.
  2423 | D:3      | 2423 ||| UPGRADING to +0 leather armour.
  2433 | D:3      | 2433 ||| DROPPING +0 robe.
  2434 | D:3      | 2434 ||| UPGRADING to +0 pair of boots.
  2439 | D:3      | 2439 ||| DROPPING +6 ring of intelligence.
  2440 | D:3      | 2440 ||| READING scroll labelled YTAGAUTUSS.
  2441 | D:3      | 2441 ||| READING scroll labelled RAITAULIHI.
  2479 | D:3      | 2479 ||| DRINKING 2 puce potions.
  2480 | D:3      | 2480 ||| DROPPING potion of degeneration.
  2501 | D:4      | 2501 ||| PLANNING SEWER
  2514 | D:4      | HP: 2/26 [worm (5)]
  2515 | D:4      | Reached XP level 5. HP: 2/30 MP: 6/6
  2688 | D:4      | Found a blossoming altar of Fedhas.
  2735 | D:4      | Noticed an ogre
  2740 | D:4      | Mangled by an ogre

Levels and vault maps discovered:
D:1:      lemuel_arrival_hallway, layout_basic, serial_shops,
          nicolae_shop_rolled_up
D:2:      layout_basic, basic_ecumenical_altar, uniq_crazy_yiuf_cottage
D:3:      layout_loops_ring, ebering_ghost_sewer_f, serial_shops, shop
D:4:      layout_rooms, nicolae_hepliaklqana_hazy_memory,
          fedhas_altar_decomposition, nicolae_ossuary_entry_catacombs,
          gup_sewer_entry_bowl

Skill      XL: |  1  2  3  4 |
---------------+-------------+-----
Ranged Weapons | 3 4 |  4.8
Fighting       | 2 |  2.0
Dodging        | |  1.5
Spellcasting   | |  1.0
Hexes          | |  2.6

Action                     |  1- 3 |  4- 6 || total
---------------------------+-------+-------++-------
   Fire: Sling             |   140 |       ||   140
         Shortbow          |    16 |   108 ||   124
    Use: Scroll            |     3 |     3 ||     6
         Potion            |       |     2 ||     2
 Armour: Robe              |    22 |     9 ||    31
         Leather armour    |       |     2 ||     2
  Dodge: Dodged            |    68 |    37 ||   105

Table legend:
 A = Non-vault XP
 B = Vault XP
 C = Vault XP percentage of total XP
 D = Non-vault monster count
 E = Vault monster count
 F = Vault count percentage of total count
                 A         B        C        D         E       F
            +---------+---------+-------+---------+---------+-------
      Total |     175 |       0 |   0.0 |      65 |       0 |   0.0
            +---------+---------+-------+---------+---------+-------
        D:1 |      41 |       0 |   0.0 |      24 |       0 |   0.0
        D:2 |      44 |       0 |   0.0 |      20 |       0 |   0.0
        D:3 |      38 |       0 |   0.0 |      17 |       0 |   0.0
        D:4 |      52 |       0 |   0.0 |       4 |       0 |   0.0
            +---------+---------+-------+---------+---------+-------
